Selects Advanced Infantry Battlegroup
Selects Convert to Ranger Squad
Construct Weapon Support Center
Selects Frontline Medical Station
Frontline Medical Station
Mechanized Support Center
Selects Ranger Weapon Training
Selects Ammunition Storage
Selects M2A1 105mm Howitzer Emplacement
Designate Forward Repair Station
M4A1(76) Sherman Medium Tank
Selects 155mm Rapid Artillery Barrage
M4A1(76) Sherman Medium Tank
M18 Hellcat Tank Destroyer
Designate Forward Repair Station
155mm Rapid Artillery Barrage
M18 Hellcat Tank Destroyer
155mm Rapid Artillery Barrage
M4A1(76) Sherman Medium Tank
Designate Forward Repair Station
Improved M9 Bazooka Rockets
155mm Rapid Artillery Barrage
M18 Hellcat Tank Destroyer
M18 Hellcat Tank Destroyer